 Dungeon Crawl Stone Soup version 0.29-a0-598-gd8304a5bf4 (console) character file.

Game seed: 16461177193081098323

64 om the Covered (level 3, -1/33 HPs)
             Began as a Minotaur Fighter on June 15, 2022.
             Slain by a gnoll
             ... wielding a +2 flail of holy wrath
              (9 damage)
             ... on level 2 of the Dungeon.
             The game lasted 00:01:59 (1491 turns).

om the Covered (Minotaur Fighter)                   Turns: 1491, Time: 00:01:59

Health: -1/33      AC:  7    Str: 20    XL:     3   Next: 91%
Magic:  2/2        EV:  9    Int:  5    God:
Gold:   60         SH:  4    Dex: 11    Spells: 2/2 levels left

rFire   . . .      SeeInvis .   a - +0 war axe
rCold   . . .      Faith    .   c - +0 buckler
rNeg    . . .      Spirit   .   b - +0 scale mail
rPois   .          Reflect  .   (helmet restricted)
rElec   .          Harm     .   (no cloak)
rCorr   .          Rampage  .   (no gloves)
Will    .....                   (no boots)
Stlth   ..........              (no amulet)
HPRegen 0.11/turn               (no ring)
MPRegen 0.08/turn               (no ring)

@: no status effects
A: horns 2, retaliatory headbutt
a: no special abilities


You were on level 2 of the Dungeon.
You visited 1 branch of the dungeon, and saw 2 of its levels.

You collected 60 gold pieces.

Inventory:

Hand Weapons
 a - a +0 war axe (weapon)
Missiles
 m - a throwing net (quivered)
Armour
 b - a +0 scale mail (worn)
 c - a +0 buckler (worn)
Scrolls
 f - 2 scrolls of teleportation {unknown}
 g - 2 scrolls of identify {unknown}
 i - a scroll of magic mapping {unknown}
 j - 4 scrolls of fear {unknown}
 k - a scroll of silence {unknown}
Potions
 d - a potion of might
 e - a potion of berserk rage {unknown}
 h - a potion of haste {unknown}
 l - a potion of heal wounds {unknown}


   Skills:
 - Level 4.0 Fighting
 * Level 3.2 Axes
 * Level 4.3 Armour
 * Level 1.8 Dodging
 + Level 3.9 Shields


You had 2 spell levels left.
You didn't know any spells.
Your spell library contained the following spells:

 Spells                   Type           Power      Damage    Failure   Level
 Shock                    Conj/Air       0%         1d3       88%         1
 Swiftness                Air            0%         N/A       99%         3
 Airstrike                Air            0%         N/A       100%        4


Dungeon Overview and Level Annotations

Branches:
Dungeon (2/15)

Altars:


Innate Abilities, Weirdness & Mutations

You have a pair of horns on your head.
You reflexively headbutt those who attack you in melee.


Message History

j - 4 scrolls labelled RUANUMMAETUN (gained 1)
A gnoll comes into view. It is wielding a +0 whip.
The gnoll shouts!
A gnoll is nearby!
A gnoll is nearby!
You slash the gnoll!
The gnoll is severely wounded.
The gnoll hits you but does no damage.
A quokka comes into view.
The gnoll hits you but does no damage.
You barely miss the gnoll.
The gnoll is severely wounded.
The gnoll barely misses you.
You slash the gnoll!
You kill the gnoll!
You see here a +0 whip.
You closely miss the quokka. You headbutt the quokka.
You kill the quokka!
A gnoll comes into view. It is wielding a +0 whip.
The gnoll hits you with a +0 whip.
You see here a quokka corpse.
You hit the gnoll.
The gnoll is moderately wounded.
The gnoll hits you with a +0 whip.
You hit the gnoll. Your headbutt misses the gnoll.
The gnoll is heavily wounded.
The gnoll misses you. You furiously retaliate!
You headbutt the gnoll. You hit the gnoll.
You kill the gnoll!
A gnoll comes into view.
It is wielding a +2 flail of holy wrath.
The gnoll shouts!
Things that are here:
a +0 whip; 9 gold pieces You barely miss the gnoll.
The gnoll hits you with a +2 flail of holy wrath!
You closely miss the gnoll.
The gnoll hits you with a +2 flail of holy wrath!
* * * LOW HITPOINT WARNING * * *
The gnoll hits you with a +2 flail of holy wrath!
You die...

.# #.. #.. . #.# #.#.##
#.# #<#.#.## #.###
#.#.#.#
#########...#####.#.#.#
......g@..#.....#.....#
#########)..#.....#.#.#
#†###.........# #)#
#.........## #.#
#...........
#.###.....#.####
#...........#
#############


You could see a gnoll.

Vanquished Creatures
  2 gnolls (D:2)
  A worm (D:2)
  A dart slug (D:2)
  3 endoplasms (D:1)
  2 giant cockroaches (D:1)
  4 goblins
  4 hobgoblins
  2 quokkas
  2 ball pythons (D:1)
  5 bats
  5 frilled lizards
  6 kobolds
  2 rats (D:1)
39 creatures vanquished.

Notes
Turn   | Place    | Note
-------+----------+-------------------------------------------
     0 | D:1      | om the Minotaur Fighter began the quest for the Orb.
     0 | D:1      | Reached XP level 1. HP: 19/19 MP: 0/0
   304 | D:1      | You fall into a shaft and drop 1 floor!
   314 | D:2      | Reached skill level 1 in Dodging
   314 | D:2      | Reached XP level 2. HP: 27/27 MP: 1/1
   391 | D:2      | Found the +1 Delatra's gloves {ID++}
   706 | D:1      | Reached XP level 3. HP: 33/33 MP: 2/2
   848 | D:1      | Found a faded altar of an unknown god.
  1491 | D:2      | Slain by a gnoll

Illustrated notes

Levels and vault maps discovered:
D:1:      minmay_arrival_shattered_statue, layout_loops_corners,
          shapermc_ecumenical_altar_venn
D:2:      layout_loops_ring, glass_columns_c, palyth_stone_intersect,
          grunt_ministairs_3

Skill      XL: |  1  2  3 |
---------------+----------+-----
Dodging        | 1 |  1.8
Armour         | 4 |  4.3
Axes           | 3 |  3.2
Fighting       | 4 |  4.0
Shields        | |  3.9

Action                   || total
-------------------------++-------
Melee: War axe           ||    89
       Headbutt          ||     7
Armor: Scale mail        ||    40
Dodge: Dodged            ||    37
Block: Buckler           ||    18

Table legend: (Time is in decaauts)
 A = Elapsed time spent in this place.
 B = Non-inter-level travel time spent in this place.
 C = Inter-level travel time spent in this place.
 D = Time resting spent in this place.
 E = Time spent auto-exploring this place.
 F = Levels seen in this place.
 G = Mean time per level.
                   A        B        C        D        E       F      G
               +--------+--------+--------+--------+--------+-----+--------+
         Total |   1526 |   1464 |     62 |    100 |   1101 |   2 |  763.0 |
       Dungeon |   1526 |   1464 |     62 |    100 |   1101 |   2 |  763.0 |
               +--------+--------+--------+--------+--------+-----+--------+

Top non-repeatable levels by time:
     D:1: 1170 daAuts
     D:2: 355 daAuts
